 Dungeon Crawl Stone Soup version 0.30-a0-1053-gbd8d5ba0ad (webtiles) character file.

Game seed: 1468487161670819443

25302 voltaire321 the Destroyer (level 12, -5/92 HPs)
             Began as a Demonspawn Fire Elementalist on Apr 12, 2023.
             Was a Believer of Vehumet.
             Slain by a black mamba (12 damage)
             ... on level 5 of the Lair of Beasts.
             The game lasted 00:59:24 (17885 turns).

voltaire321 the Destroyer (DsFE)                   Turns: 17885, Time: 00:59:25

Health: -5/92      AC: 18    Str: 11    XL:     12   Next: 88%
Magic:  16/23      EV: 16    Int: 19    God:    Vehumet [**....]
Gold:   693        SH:  4    Dex: 20    Spells: 8/26 levels left

rFire   + . .      SeeInvis +    Q - +9 rapier (drain)
rCold   . . .      Faith    .    (no shield)
rNeg    . . .      Spirit   .    y - +0 acid dragon scales
rPois   .          Reflect  .    (helmet unavailable)
rElec   .          Rampage  .    n - +2 cloak
rCorr   +                        a - +0 pair of gloves
Will    .....                    (no boots)
Stlth   ++                       K - amulet of magic regeneration
HPRegen 0.35/turn                s - ring of protection from fire
MPRegen 0.58/turn                M - +6 ring of dexterity

@: sanguine armoured, studying Short Blades
A: antennae 3, foul stench 2, sanguine armour 1, condensation shield
a: Renounce Religion


You were on level 5 of the Lair of Beasts.
You worshipped Vehumet.
Vehumet was pleased with you.
You visited 3 branches of the dungeon, and saw 15 of its levels.
You also visited: Bailey.

You collected 805 gold pieces.
You spent 112 gold pieces at shops.

Inventory:

Hand Weapons
 w - a +0 whip of draining
 D - a +3 spear
 P - a +4 scimitar of flaming
 Q - a +9 rapier of draining (weapon)
Missiles
 p - 4 curare-tipped darts
 x - a throwing net
Armour
 a - a +0 pair of gloves (worn)
 n - a +2 cloak (worn)
 u - a scarf of invisibility
 y - +0 acid dragon scales (worn)
Jewellery
 i - the ring "Uhuonla" {rPois rC+ rN+ EV+5 Dex-2}
   (You found it on level 3 of the Lair of Beasts)

   [ring of evasion]

   EV:        It affects your evasion (+5).
   Dex:       It affects your dexterity (-2).
   rC:        It protects you from cold.
   rPois:     It protects you from poison.
   rN:        It protects you from negative energy.
 s - a ring of protection from fire (left hand)
 K - an amulet of magic regeneration (around neck)
 M - a +6 ring of dexterity (right hand)
Wands
 c - a wand of light (4)
 g - a wand of charming (29)
 k - a wand of roots (11)
 J - a wand of mindburst (8)
Scrolls
 e - 2 scrolls of amnesia
 f - 2 scrolls of fog
 h - a scroll of fear
 l - a scroll of teleportation
 v - a scroll of enchant weapon
 A - 2 scrolls of summoning
 C - 2 scrolls of enchant armour
 H - 4 scrolls of identify
 N - a scroll of blinking
Potions
 b - 2 potions of resistance
 d - 4 potions of flight
 j - 3 potions of ambrosia
 m - 7 potions of haste
 o - 2 potions of cancellation
 q - a potion of mutation
 t - 3 potions of lignification
 z - 2 potions of might
 E - a potion of invisibility
 F - 2 potions of magic
 G - a potion of brilliance
 O - a potion of heal wounds


   Skills:
 + Level 8.0 Fighting
 * Level 8.2 Short Blades
 + Level 7.4 Armour
 + Level 7.7 Dodging
 - Level 1.7 Stealth
 + Level 7.7 Spellcasting
 + Level 8.2 Conjurations
 - Level 4.0 Translocations
 + Level 8.0 Fire Magic
 - Level 5.0 Earth Magic


You had 8 spell levels left.
You knew the following spells:

 Your Spells              Type           Power      Damage    Failure   Level
a - Stone Arrow           Conj/Erth      64%        3d11      2%          3
b - Scorch                Fire           74%        2d8       1%          2
c - Volatile Blastmotes   Fire/Tloc      60%        2d15      3%          3
d - Flame Wave            Conj/Fire      38%        2d10      4%          4
e - Sticky Flame          Conj/Fire      38%        2d6       4%          4
f - Blink                 Tloc           44%        N/A       4%          2

Your spell library contained the following spells:

 Spells                   Type           Power      Damage    Failure   Level
 Searing Ray              Conj           76%        2d7       1%          2
 Foxfire                  Conj/Fire      100%       2x1d9     1%          1
 Magic Dart               Conj           100%       1d8       1%          1
 Sandblast                Erth           52%        2d12      1%          1
 Passwall                 Tmut/Erth      13%        N/A       8%          2
 Hailstorm                Conj/Ice       23%        3d7       8%          3
 Inner Flame              Hex/Fire       22%        N/A       8%          3
 Mephitic Cloud           Conj/Pois/Air  17%        N/A       13%         3
 Freeze                   Ice            28%        1d5       14%         1
 Ignite Poison            Fire/Tmut/Pois 17%        N/A       14%         3
 Vhi's Electric Charge    Tloc/Air       28%        N/A       19%         3
 Call Imp                 Summ           14%        N/A       21%         2
 Cigotuvi's Dreadful Rot  Necr/Pois/Air  14%        N/A       21%         2
 Ensorcelled Hibernation  Hex/Ice        14%        N/A       21%         2
 Manifold Assault         Tloc           22%        N/A       26%         4
 Frozen Ramparts          Ice            14%        1d3       38%         3
 Swiftness                Air            7%         N/A       38%         3
 Arcjolt                  Conj/Air       11%        1d21      56%         5
 Freezing Cloud           Conj/Ice/Air   8%         6-21      77%         5
 Dispersal                Tloc           11%        N/A       99%         6
 Storm Form               Tmut/Air       3%         N/A       100%        7
 Disjunction              Tloc           11%        N/A       100%        8
 Ignition                 Fire           18%        3d7       100%        8
 Maxwell's Capacitive Co  Air            3%         ∞         100%        8


Dungeon Overview and Level Annotations

Branches:
Dungeon (10/15)            Temple (1/1) D:5            Lair (3/5) D:9
 Shoals (0/4) Lair:3       Spider (0/4) Lair:3       Bailey (visited)
    Orc: D:9-12

Altars:
Ashenzari
Cheibriados
Fedhas
Gozag
Hepliaklqana
Kikubaaqudgha
Makhleb
Okawaru
Qazlal
Ru
Sif Muna
Trog
Uskayaw
Vehumet
Xom
Yredelemnul

Shops:
D:4 *   D:5 [

Annotations:
D:5 Edmund


Innate Abilities, Weirdness & Mutations

You have a pair of large antennae on your head. (SInv)
You sometimes emit foul miasma when damaged in melee.
When seriously injured, your blood forms armour. (AC +6)
A meltable shield of frost defends you. (SH +4)


Message History

The yak is severely wounded.
The flame wave engulfs the wolf!
You kill the wolf!
Vehumet accepts your kill.
You feel sick.
The yak is engulfed in dark miasma.
The yak is poisoned.
You kill the yak!
Vehumet accepts your kill.
You feel sick.
You feel sick.
You start resting.
You feel sick. x3
A black mamba is nearby!
Aiming: Stone Arrow (mildly dangerous; 2% risk of failure)
Press: ? - help, Q - select action, (/) - cycle Shift-Dir - straight line, f - you
Okay, then.
You feel sick.
You are no longer poisoned.
Aiming: Stone Arrow (mildly dangerous; 2% risk of failure)
Press: ? - help, Q - select action, (/) - cycle Shift-Dir - straight line, f - you
Okay, then.
Aiming: Stone Arrow (mildly dangerous; 2% risk of failure)
Press: ? - help, Q - select action, (/) - cycle Shift-Dir - straight line, f - black mamba
Aim: a black mamba (57% to hit)
The stone arrow misses the black mamba.
Aiming: Stone Arrow (mildly dangerous; 2% risk of failure)
Press: ? - help, Q - select action, (/) - cycle Shift-Dir - straight line, f/p - black mamba
Aim: a black mamba (57% to hit)
The stone arrow misses the black mamba.
The black mamba misses you. The black mamba closely misses you.
Aiming: Stone Arrow (mildly dangerous; 2% risk of failure)
Press: ? - help, Q - select action, (/) - cycle Shift-Dir - straight line, f/p - black mamba
Aim: a black mamba (57% to hit)
The stone arrow misses the black mamba.
The black mamba closely misses you. The black mamba bites you!
* * * LOW HITPOINT WARNING * * *
You emit a cloud of foul miasma!
You puncture the black mamba! You drain the black mamba.
The black mamba is heavily wounded.
The black mamba is engulfed in dark miasma.
The black mamba is poisoned.
The black mamba bites you!
You die...

.# #.. .. .. .. .. .... .# ..
##... .#. . . ##....# ..#.
.#.....## ... .†# # ......##.
......# #†#.## #....##..
....... ####..#.###P..##...
....... ##S@....#.#...##....
.......###............###....
................#............
...............#.............
...............P.............
.................#...........
.............................
..............<..............
......†......................


You could see a black mamba (poisoned, drained).

Vanquished Creatures
  A two-headed ogre (D:10)
  Erica (D:10)
  A fire crab (Lair:5)
  2 orc knights (Bailey)
  A wolf spider (Lair:5)
  3 elephants (Lair:5)
  7 black mambas
  8 cane toads
  2 rime drakes
  Maggie (D:9)
  5 komodo dragons
  A troll (D:10)
  Grinder (D:3)
  2 hornets (Lair:5)
  3 blink frogs (Lair:5)
  Sigmund (D:3)
  9 wyverns
  Grum (D:9)
  A wraith (D:8)
  36 yaks
  A basilisk (D:9)
  An acid dragon (D:9)
  15 water moccasins
  5 orc warriors (Bailey)
  A swamp drake (D:9)
  An ice beast (D:5)
  2 sky beasts
  2 black bears
  2 ogres (D:7)
  7 wolves
  4 centaurs
  A kobold brigand (D:9)
  13 bullfrogs
  4 scorpions
  8 killer bees
  2 howler monkeys
  3 hounds
  5 jellies
  4 orc priests
  A sleepcap (D:6)
  Terence (D:3)
  7 iguanas
  Natasha (thrice) (D:3)
  4 orc wizards
  9 adders
  2 shadow imps (D:6)
  A white imp (D:6)
  2 adder zombies (D:3)
  A worm (D:3)
  3 dart slugs (D:2)
  47 orcs
  4 bats
  2 endoplasms
  3 giant cockroaches
  14 goblins
  7 hobgoblins
  17 kobolds
  5 ball pythons
  5 frilled lizards
  4 rats
310 creatures vanquished.

Vanquished Creatures (collateral kills)
  2 orc warriors (Bailey)
2 creatures vanquished.

Vanquished Creatures (others)
  61 foxfires
  17 fungi
  31 plants
109 creatures vanquished.

Grand Total: 421 creatures vanquished

Notes
Turn   | Place    | Note
-------+----------+-------------------------------------------
     0 | D:1      | voltaire321 the Demonspawn Fire Elementalist began the
                  | quest for the Orb.
     0 | D:1      | Reached XP level 1. HP: 13/13 MP: 3/3
   185 | D:1      | Gained mutation: When seriously injured, your blood forms
                  | armour. (AC +6) [demonic ancestry]
   185 | D:1      | Reached XP level 2. HP: 20/20 MP: 1/5
   435 | D:1      | Learned a level 2 spell: Scorch
   870 | D:2      | Reached XP level 3. HP: 15/25 MP: 1/6
   969 | D:2      | Reached skill level 1 in Fighting
  1052 | D:2      | Learned a level 3 spell: Volatile Blastmotes
  1311 | D:2      | Found a bloodstained altar of Trog.
  1319 | D:2      | Reached skill level 1 in Armour
  1761 | D:2      | Reached XP level 4. HP: 21/32 MP: 2/7
  1983 | D:3      | Noticed Natasha
  1986 | D:3      | Killed Natasha
  2229 | D:3      | Gained mutation: You have a pair of small antennae on your
                  | head. [demonic ancestry]
  2229 | D:3      | Reached XP level 5. HP: 37/37 MP: 3/9
  2294 | D:3      | Noticed Sigmund
  2317 | D:3      | Found a snail-covered altar of Cheibriados.
  2393 | D:3      | Noticed Terence
  2402 | D:3      | Killed Terence
  2554 | D:3      | Noticed Grinder
  2560 | D:3      | Killed Grinder
  2561 | D:3      | Reached skill level 1 in Translocations
  2561 | D:3      | Gained mutation: You have a pair of antennae on your head.
                  | [demonic ancestry]
  2561 | D:3      | Reached XP level 6. HP: 23/44 MP: 0/10
  2732 | D:3      | Found a basalt altar of Yredelemnul.
  2755 | D:3      | Found a burning altar of Makhleb.
  2892 | D:3      | Found a stormy altar of Qazlal.
  2893 | D:3      | Found an iron altar of Okawaru.
  2985 | D:3      | Killed Sigmund
  2986 | D:3      | Reached XP level 7. HP: 51/51 MP: 6/11
  3042 | D:3      | Identified the +2 chain mail of Wisdom {Dex+5}
  3142 | D:3      | Noticed Natasha
  3155 | D:3      | Killed Natasha
  3248 | D:3      | Noticed Natasha
  3261 | D:3      | Killed Natasha
  3376 | D:3      | Learned a level 4 spell: Flame Wave
  3408 | D:4      | Found Puuqucixt's General Store.
  4362 | D:4      | Bought a scroll of teleportation for 42 gold pieces
  4362 | D:4      | Bought a scroll of identify for 28 gold pieces
  4362 | D:4      | Bought a potion of curing for 42 gold pieces
  4442 | D:5      | Entered Level 5 of the Dungeon
  4534 | D:5      | Found Boel's Armour Shoppe.
  4554 | D:5      | Found an opulent altar of Gozag.
  4559 | D:5      | Noticed Edmund
  5264 | D:5      | Found a staircase to the Ecumenical Temple.
  5716 | D:6      | Found a hazy altar of Hepliaklqana.
  5964 | D:6      | Reached XP level 8. HP: 56/58 MP: 5/13
  7527 | D:7      | Gained mutation: A meltable shield of frost defends you.
                  | (SH +4) [demonic ancestry]
  7527 | D:7      | Reached XP level 9. HP: 56/65 MP: 6/15
  7766 | D:7      | Learned a level 3 spell: Stone Arrow
  7793 | D:7      | Found a sacrificial altar of Ru.
  8118 | D:7      | Reached skill level 5 in Fire Magic
  8372 | D:7      | Reached skill level 1 in Earth Magic
  8718 | D:8      | Found a flagged portal.
  8741 | D:8      | Learned a level 4 spell: Sticky Flame
  8775 | Bailey   | Entered a bailey
  9105 | Bailey   | Noticed an orc knight
  9190 | Bailey   | Reached skill level 5 in Conjurations
  9236 | Bailey   | Reached skill level 5 in Spellcasting
  9442 | Bailey   | Reached skill level 5 in Dodging
  9544 | Bailey   | Noticed an orc knight
  9604 | Bailey   | Killed an orc knight
  9605 | Bailey   | Reached skill level 5 in Fighting
  9806 | Bailey   | Killed an orc knight
  9807 | Bailey   | Gained mutation: You may rarely emit foul miasma when
                  | damaged in melee. [demonic ancestry]
  9807 | Bailey   | Reached XP level 10. HP: 51/74 MP: 10/18
 10227 | D:8      | Reached skill level 5 in Armour
 10921 | D:8      | You fall into a shaft and drop 2 floors!
 10921 | D:10     | Entered Level 10 of the Dungeon
 11967 | D:9      | HP: 2/76 [yak (8)]
 12169 | D:9      | Gained mutation: You sometimes emit foul miasma when
                  | damaged in melee. [demonic ancestry]
 12169 | D:9      | Reached XP level 11. HP: 44/81 MP: 7/20
 12576 | Temple   | Entered the Ecumenical Temple
 12625 | Temple   | Became a worshipper of Vehumet
 12724 | D:9      | Noticed Maggie
 12742 | D:9      | Killed Maggie
 13113 | D:9      | Noticed Grum
 13151 | D:9      | Killed Grum
 13348 | D:9      | Found a staircase to the Lair.
 13534 | D:10     | Noticed a two-headed ogre
 13619 | D:10     | Killed a two-headed ogre
 13792 | D:10     | Noticed Erica
 13808 | D:10     | Killed Erica
 14740 | Lair:1   | Entered Level 1 of the Lair of Beasts
 14815 | Lair:1   | Reached skill level 1 in Short Blades
 16083 | Lair:2   | Reached * piety under Vehumet
 16083 | Lair:2   | Offered knowledge of Kiss of Death by Vehumet.
 16084 | Lair:2   | Reached skill level 5 in Earth Magic
 16336 | Lair:2   | Learned a level 2 spell: Blink
 16622 | Lair:3   | Gained mutation: You have a pair of large antennae on your
                  | head. (SInv) [demonic ancestry]
 16622 | Lair:3   | Reached XP level 12. HP: 36/91 MP: 16/22
 16669 | Lair:3   | Identified the ring "Uhuonla" {rPois rC+ rN+ EV+5 Dex-2}
 16770 | Lair:3   | Reached skill level 5 in Short Blades
 16840 | Lair:3   | You fall into a shaft and drop 2 floors!
 16840 | Lair:5   | Entered Level 5 of the Lair of Beasts
 17111 | Lair:5   | Offered knowledge of Searing Ray by Vehumet.
 17319 | Lair:5   | Reached ** piety under Vehumet
 17885 | Lair:5   | Slain by a black mamba

Illustrated notes

Levels and vault maps discovered:
D:1:      nicolae_arrival_washed_ashore, layout_rooms
D:2:      layout_basic, basic_altar
D:3:      layout_loops_ring, old_standard_altar,
          gammafunk_temple_overflow_pools, lemuel_zombie_altar_yredelemnul,
          mainiacjoe_overflow_tiny_flanked, uniq_terence, uniq_grinder,
          uniq_natasha, uniq_sigmund
D:4:      layout_loops_corners, serial_shops, nicolae_inconvenience_store,
          kennysheep_generic_room_4
D:5:      layout_loops_ring, mainiacjoe_overflow_concentric_impassable,
          minmay_temple_entry_from_below_a, serial_shops,
          nicolae_take_the_stairs, minmay_misc_feat_nine_boxes, uniq_edmund
D:6:      layout_basic, worldfamousw_hep_ancestral_shrine, minmay_joined_circles
D:7:      layout_basic, nicolae_ru_great_annihilating_truth
D:8:      layout_loops_corners, enter_bailey_5
D:9:      layout_irregular_city, kennysheep_little_box, erik_lair_dragon,
          uniq_grum, uniq_maggie
D:10:     layout_basic, nemelex_diamond_rough_becter, hiddenorc1_lemuel,
          serial_glass, glass_columns_a, glass_columns_b,
          palyth_stone_intersect, uniq_erica
Temple:   nicolae_temple_bog_church
Lair:1:   layout_roguey
Lair:2:   layout_misc_corridors, lemuel_fruit_fields
Lair:3:   layout_roguey, nicolae_shoals_entry_roost,
          spider_nest_entry_web_field, ebering_ghost_inner_flame,
          gauntlet_entry_generic
Lair:5:   hangedman_lair_tendril_chambers, layout_hall_layers,
          hangedman_lair_in_review, maelrawn_ghost_gauntlet_escape

Skill      XL: |  1  2  3  4  5  6  7  8  9 10 11 12 |
---------------+-------------------------------------+-----
Dodging        | 2 3 4 5 6 7 |  7.7
Fire Magic     | 3 4 5 6 7 8 |  8.0
Fighting       | 1 2 3 4 5 6 7 8 |  8.0
Armour         | 1 2 3 4 5 6 7 |  7.4
Conjurations   | 2 3 4 5 6 7 8 |  8.2
Spellcasting   | 3 4 5 6 7 |  7.7
Translocations | 1 2 3 4 |  4.0
Earth Magic    | 2 3 5 |  5.0
Short Blades   | 4 8 |  8.2
Stealth        | |  1.7

Action                     |  1- 3 |  4- 6 |  7- 9 | 10-12 || total
---------------------------+-------+-------+-------+-------++-------
  Melee: Dagger            |    60 |    22 |    94 |       ||   176
         Punch             |     1 |       |     1 |     3 ||     5
         Whip              |       |       |    42 |       ||    42
         Spear             |       |       |    29 |   117 ||   146
         Rapier            |       |       |       |   126 ||   126
         Scimitar          |       |       |       |     3 ||     3
  Throw: Dart              |       |       |     7 |       ||     7
   Cast: Foxfire           |    25 |     9 |     1 |       ||    35
         Scorch            |    15 |    28 |   160 |     7 ||   210
         Volatile Blastmot |       |       |    37 |     3 ||    40
         Stone Arrow       |       |       |     3 |   163 ||   166
         Flame Wave        |       |       |       |    31 ||    31
  Evoke: Wand              |       |       |     6 |       ||     6
    Use: Scroll            |       |       |    11 |    22 ||    33
         Potion            |       |       |     7 |     1 ||     8
 Armour: Robe              |    13 |     3 |    54 |       ||    70
         Acid dragon scale |       |       |    55 |   135 ||   190
  Dodge: Dodged            |    45 |    12 |   150 |   316 ||   523
  Block: Other             |       |       |    21 |    66 ||    87

Table legend: (Time is in decaauts)
 A = Elapsed time spent in this place.
 B = Non-inter-level travel time spent in this place.
 C = Inter-level travel time spent in this place.
 D = Time resting spent in this place.
 E = Time spent auto-exploring this place.
 F = Levels seen in this place.
 G = Mean time per level.
                   A        B        C        D        E       F      G
               +--------+--------+--------+--------+--------+-----+--------+
         Total |  17920 |  17084 |    836 |   6395 |   6889 |  16 | 1120.0 |
       Dungeon |  13566 |  12791 |    775 |   4460 |   5717 |  10 | 1356.6 |
        Temple |     61 |     52 |      9 |      0 |     39 |   1 |   61.0 |
          Lair |   3134 |   3083 |     51 |   1355 |   1075 |   4 |  783.5 |
        Bailey |   1158 |   1158 |      0 |    580 |     57 |   1 | 1158.0 |
               +--------+--------+--------+--------+--------+-----+--------+

Top non-repeatable levels by time:
     D:9: 2228 daAuts
     D:6: 1698 daAuts
     D:8: 1591 daAuts
     D:5: 1427 daAuts
     D:3: 1412 daAuts
     D:2: 1320 daAuts
     D:7: 1231 daAuts
  Bailey: 1158 daAuts
  Lair:1: 1095 daAuts
     D:4: 1064 daAuts
  Lair:5: 1034 daAuts
    D:10: 948 daAuts
  Lair:2: 808 daAuts
     D:1: 642 daAuts
  Lair:3: 196 daAuts
